 Dungeon Crawl Stone Soup version 0.30-a0-305-g026cb31310 (webtiles) character file.

Game seed: 9457037559521956918

51 Angani the Shooter (level 3, -2/31 HPs)
             Began as a Draconian Hunter on Oct 22, 2022.
             Killed by an exploding orc (28 damage)
             ... ignited by their inner flame
             ... on level 3 of the Dungeon.
             The game lasted 00:02:10 (1682 turns).

Angani the Shooter (Draconian Hunter)               Turns: 1682, Time: 00:02:10

Health: -2/31      AC:  5    Str: 13    XL:     3   Next: 58%
Magic:  3/3        EV: 12    Int:  9    God:
Gold:   76         SH:  0    Dex: 16    Spells: 2/2 levels left

rFire   . . .      SeeInvis .    a - +0 shortbow
rCold   . . .      Faith    .    (shield currently unavailable)
rNeg    . . .      Spirit   .    (body armour unavailable)
rPois   .          Reflect  .    (helmet restricted)
rElec   .          Harm     .    (no cloak)
rCorr   .          Rampage  .    (no gloves)
Will    .....                    (no boots)
Stlth   ++........               (no amulet)
HPRegen 0.25/turn                (no ring)
MPRegen 0.08/turn                (no ring)

@: no status effects
A: AC +5, unfitting armour, cold-blooded
a: no special abilities


You were on level 3 of the Dungeon.
You visited 1 branch of the dungeon, and saw 3 of its levels.

You collected 118 gold pieces.
You spent 42 gold pieces at shops.

Inventory:

Hand Weapons
 a - a +0 shortbow (weapon)
Scrolls
 b - 2 scrolls of immolation
 j - 2 scrolls of enchant weapon {unknown}
 k - 2 scrolls of teleportation {unknown}
 l - 2 scrolls of fear {unknown}
 n - a scroll of poison {unknown}
 o - a scroll of noise {unknown}
 q - a scroll of brand weapon {unknown}
 r - a scroll of magic mapping {unknown}
 s - a scroll of enchant armour {unknown}
Potions
 c - a potion of might {unknown}
 d - 2 potions of flight {unknown}
 e - a potion of brilliance {unknown}
 f - a potion of lignification {unknown}
 g - a potion of haste {unknown}
 h - 2 potions of mutation {unknown}
 i - a potion of curing
 m - a potion of ambrosia {unknown}
 p - a potion of invisibility {unknown}


   Skills:
 + Level 3.4 Fighting
 + Level 4.3 Ranged Weapons
 - Level 1.7 Dodging
 - Level 0.8 Stealth


You had 2 spell levels left.
You didn't know any spells.
Your spell library contained the following spells:

 Spells                   Type           Power      Damage    Failure   Level
 Ensorcelled Hibernation  Hex/Ice        0%         N/A       52%         2
 Passwall                 Tmut/Erth      0%         N/A       52%         2
 Swiftness                Air            0%         N/A       77%         3


Dungeon Overview and Level Annotations

Branches:
Dungeon (3/15)

Altars:

Shops:
D:1 **!


Innate Abilities, Weirdness & Mutations

Your plain brown scales are hard. (AC +5)
You cannot fit into any form of body armour.
You are cold-blooded and may be slowed by cold attacks.


Message History

You kill the bat!
No target in view!
s - a scroll labelled MENEBE OGGU
Found a stone staircase leading down.
There is a stone staircase leading down here.
You open the door.
There is an open door here.
There is an open door here.
There is a stone staircase leading down here.
Found a trident.
You see here a +0 trident.
A bat comes into view.
You shoot an arrow. The arrow hits the bat.
The bat is severely wounded.
You shoot an arrow. The arrow barely misses the bat.
The bat hits you but does no damage.
You shoot an arrow. The arrow hits the bat.
You kill the bat!
No target in view!
You see here a bat corpse.
Found an escape hatch in the floor.
There is an escape hatch in the floor here.
You open the door.
An orc priest and 2 orcs come into view.
The orc shouts! x2; The orc priest shouts!
Really read the scroll of immolation?
As you read the scroll of immolation, it crumbles to dust.
The creatures around you are filled with an inner flame!
The orc hits you with a +0 flail.
Unknown command.
Fire: a) +0 shortbow
Press: ? - help, Q - select action Shift-Dir - straight line, f - orc
Aim: an orc, wielding a +0 flail and wearing a +0 ring mail (inner flame, 66% to hit)
You shoot an arrow. The arrow hits the orc.
Flame seeps out of the orc.
The orc is severely wounded.
The orc is engulfed in blazing flames.
The orc explodes!
The fiery explosion engulfs you!!
Ouch! That really hurt!
You die...

.# ##.#.## .# ##.###.#
.# #.##...# .# ##.#.#.#
+# .# ##...## ... †##
####.##### .... ..##
#........# .....
.#.###>#..#...####§.....
................@○.o....
.#####..#.....####o.....
.# #..##.#..# ..... .#
#.#.#.#..# .... ..
#........# ... .#
#####.#### +# #.# # #


You could see an orc priest (inner flame) and an orc (inner flame).

Vanquished Creatures
  An adder (D:2)
  A worm (D:2)
  A dart slug (D:3)
  An orc (D:3)
  6 bats
  An endoplasm (D:1)
  5 goblins
  5 hobgoblins
  A quokka (D:2)
  5 ball pythons
  4 frilled lizards
  2 kobolds
  5 rats
38 creatures vanquished.

Notes
Turn   | Place    | Note
-------+----------+-------------------------------------------
     0 | D:1      | Angani the Draconian Hunter began the quest for the Orb.
     0 | D:1      | Reached XP level 1. HP: 17/17 MP: 1/1
    52 | D:1      | Found Zunnax's General Store.
   157 | D:1      | Reached XP level 2. HP: 25/25 MP: 2/2
   174 | D:1      | Found Fime's Assorted Antiques.
   362 | D:1      | Found Kesudux's Distillery.
   507 | D:1      | Bought a potion of curing for 42 gold pieces
   647 | D:2      | Reached skill level 4 in Ranged Weapons
  1156 | D:2      | Reached XP level 3. HP: 31/31 MP: 3/3
  1682 | D:3      | Killed by an exploding orc... ignited by their inner flame

Illustrated notes

Levels and vault maps discovered:
D:1:      psy_arrival_heroes, layout_rooms, serial_shops, shop,
          nicolae_shop_hallway_stairs, shop, roderic_lattice_a
D:2:      layout_basic
D:3:      minmay_roachtagon, layout_loops_corners,
          mainiacjoe_overflow_surrounded_room, nicolae_overflow_squiral

Skill      XL: |  1  2 |
---------------+-------+-----
Ranged Weapons | 4 |  4.3
Fighting       | 3 |  3.4
Dodging        | |  1.7
Stealth        | |  0.8

Action                   || total
-------------------------++-------
 Fire: Shortbow          ||    94
  Use: Scroll            ||     1
Armor: Skin              ||    11
Dodge: Dodged            ||    14

Table legend: (Time is in decaauts)
 A = Elapsed time spent in this place.
 B = Non-inter-level travel time spent in this place.
 C = Inter-level travel time spent in this place.
 D = Time resting spent in this place.
 E = Time spent auto-exploring this place.
 F = Levels seen in this place.
 G = Mean time per level.
                   A        B        C        D        E       F      G
               +--------+--------+--------+--------+--------+-----+--------+
         Total |   1709 |   1666 |     43 |      0 |   1464 |   3 |  569.7 |
       Dungeon |   1709 |   1666 |     43 |      0 |   1464 |   3 |  569.7 |
               +--------+--------+--------+--------+--------+-----+--------+

Top non-repeatable levels by time:
     D:2: 754 daAuts
     D:1: 644 daAuts
     D:3: 310 daAuts
